 Dungeon Crawl Stone Soup version 0.28.0-53-g5a82cb258f (webtiles) character file.

Game seed: 5455701763189450597

39 H0rd4k the Charlatan (level 3, -2/26 HPs)
             Began as a Human Artificer on July 6, 2022.
             Slain by an adder (3 damage)
             ... on level 2 of the Dungeon.
             The game lasted 00:01:00 (1256 turns).

H0rd4k the Charlatan (Human Artificer)              Turns: 1256, Time: 00:01:00

Health: -2/26      AC:  3    Str: 12    XL:     3   Next: 70%
Magic:  3/3        EV: 11    Int: 13    God:
Gold:   19         SH:  0    Dex: 13    Spells: 2/2 levels left

rFire   . . .      SeeInvis .   f - +0 flail
rCold   . . .      Faith    .   (no shield)
rNeg    . . .      Spirit   .   b - +0 leather armour
rPois   .          Reflect  .   (no helmet)
rElec   .          Harm     .   (no cloak)
rCorr   .          Rampage  .   (no gloves)
Will    .....                   (no boots)
Stlth   +.........              (no amulet)
HPRegen 0.08/turn               (no ring)
MPRegen 0.08/turn               (no ring)

@: lethally poisoned (-2 -> -8)
A: no striking features
a: no special abilities


You were on level 2 of the Dungeon.
You visited 1 branch of the dungeon, and saw 2 of its levels.

You collected 19 gold pieces.

Inventory:

Hand Weapons
 f - a +0 flail (weapon)
Missiles
 j - a throwing net
Armour
 b - a +0 leather armour (worn)
 l - an orb of light
Wands
 c - a wand of flame (13) (quivered)
 d - a wand of charming (14)
Scrolls
 a - a scroll of fog {unknown}
 g - 2 scrolls of enchant weapon {unknown}
 h - a scroll of holy word {unknown}
 k - a scroll of identify {unknown}
Potions
 i - a potion of curing {unknown}
Miscellaneous
 e - a piece from Xom's chessboard (15/15)


   Skills:
 + Level 1.1 Fighting
 + Level 0.9 Maces & Flails
 - Level 2.0 Armour
 + Level 1.2 Dodging
 - Level 1.0 Stealth
 + Level 4.1 Evocations


You had 2 spell levels left.
You didn't know any spells.
Your spell library was empty.

Dungeon Overview and Level Annotations

Branches:
Dungeon (2/15)

Altars:


Message History

The endoplasm closely misses you.
You barely miss the endoplasm. The endoplasm freezes you.
You are frozen.
The endoplasm closely misses you.
You hit the endoplasm.
You kill the endoplasm!
No target in view!
An adder and a bat come into view.
A ball python comes into view.
There are monsters nearby!
The adder hisses angrily.
You hear an angry hiss.
An adder comes into view.
There are monsters nearby!
You barely miss the adder. The bat hits you but does no damage.
The adder barely misses you. The adder misses you.
There are monsters nearby!
You barely miss the adder. The bat closely misses you.
The adder barely misses you. The adder bites you.
You are poisoned.
The adder poisons you!
You feel sick.
The ball python hisses angrily.
You closely miss the adder.
You feel sick. The adder bites you. x2
You barely miss the adder.
You feel sick. The adder bites you.
You are lethally poisoned!
The adder poisons you! The adder bites you but does no damage.
You hit the adder but do no damage.
* * * LOW HITPOINT WARNING * * *
You feel very sick. The adder bites you.
* * * LOW HITPOINT WARNING * * *
Aiming: Charm
Press: ? - help, Shift-Dir - straight line, f - adder
Aim: an adder (chance to affect: 67%)
The adder struggles to resist.
* * * LOW HITPOINT WARNING * * *
You feel sick. The adder bites you.
* * * LOW HITPOINT WARNING * * *
The adder bites you.
You die...

##.## ####.# #... ..#.#
###..#######.#.######
#.........##.#.......
.....##...##.....##
###..#.###........#
##.....# #..###..##
.......###....#.####
..........#####.@#b####
........... #.#SSS..#
#<...###.<.#
######.#..#
#..........#
######...#.# #.## .# #


You could see 2 adders and a ball python.

Vanquished Creatures
  A gnoll (D:1)
  3 bats (D:1)
  5 endoplasms
  A giant cockroach (D:1)
  5 hobgoblins (D:1)
  A ball python (D:1)
  A frilled lizard (D:2)
  7 kobolds (D:1)
  5 rats (D:1)
29 creatures vanquished.

Notes
Turn   | Place    | Note
-------+----------+-------------------------------------------
     0 | D:1      | H0rd4k the Human Artificer began the quest for the Orb.
     0 | D:1      | Reached XP level 1. HP: 15/15 MP: 1/1
    44 | D:1      | Reached XP level 2. HP: 7/21 MP: 2/2
   561 | D:1      | Reached XP level 3. HP: 26/26 MP: 3/3
   570 | D:1      | Reached skill level 4 in Evocations
   958 | D:1      | Found a faded altar of an unknown god.
  1256 | D:2      | HP: 1/26 [adder (4)]
  1256 | D:2      | Slain by an adder

Illustrated notes

Levels and vault maps discovered:
D:1:      dpeg_arrival_arbitrary_b, layout_rooms, ebering_ecumenical_altar_box
D:2:      minmay_angry_zag, layout_loops_ring, serial_shops,
          nicolae_shop_behind_doors

Skill      XL: |  1  2  3 |
---------------+----------+-----
Evocations     | 4 |  4.1
Fighting       | |  1.1
Maces & Flails | |  0.9
Armour         | |  2.0
Dodging        | |  1.2
Stealth        | |  1.0

Action                   || total
-------------------------++-------
Melee: Club              ||     6
       Flail             ||    95
       Punch             ||     1
Evoke: Wand              ||     3
 Stab: Sleeping          ||     1
Armor: Leather armour    ||    42
Dodge: Dodged            ||    89
